 Dungeon Crawl Stone Soup version 0.32-a0-779-g362cfcae2a (webtiles) character file.

Game seed: 13537848308322473151

915 Dordric the Cudgeller (level 7, -2/57 HPs)
             Began as a Mountain Dwarf Fighter on Mar 20, 2024.
             Was a Believer of Sif Muna.
             Slain by Duvessa
             ... wielding a +0 rapier
              (11 damage)
             ... on level 4 of the Dungeon.
             The game lasted 00:07:08 (4655 turns).

Dordric the Cudgeller (Mountain Dwarf Fighter)      Turns: 4655, Time: 00:07:09

Health: -2/57      AC: 11    Str: 20    XL:     7   Next: 82%
Magic:  12/13      EV:  4    Int:  9    God:    Sif Muna [**....]
Gold:   299        SH:  9    Dex:  9    Spells: 11/14 levels left

rFire   . . .        a - +0 flail
rCold   . . .        c - +0 buckler
rNeg    . . .        p - +0 plate armour
rPois   .            (no helmet)
rElec   .            (no cloak)
rCorr   .            (no gloves)
SInv    .            (no boots)
Will    .....        j - amulet of reflection Stlth
                     l - +4 ring of slaying
HPRegen 0.29/turn    h - ring of wizardry
MPRegen 0.13/turn

%: reflection, wizardry (x1)
@: no status effects
A: runic magic, artefact enchanting
a: Renounce Religion, Channel Magic


You were on level 4 of the Dungeon.
You worshipped Sif Muna.
Sif Muna was pleased with you.
You visited 2 branches of the dungeon, and saw 6 of its levels.
You also visited: Sewer.

You collected 299 gold pieces.

Inventory:

Hand Weapons
 a - a +0 flail (weapon)
Armour
 b - a +0 scale mail
 c - a +0 buckler (worn)
 p - a +0 plate armour (worn)
Jewellery
 g - a +6 ring of intelligence
 h - a ring of wizardry (right hand)
 j - an amulet of reflection (around neck)
 l - a +4 ring of slaying (left hand)
Wands
 q - a wand of flame (10)
 r - a wand of light (11)
 t - a wand of polymorph (7)
Scrolls
 i - a scroll of identify {unknown}
 n - a scroll of teleportation
Potions
 d - a potion of might
 e - 2 potions of curing
 f - a potion of heal wounds
 k - a potion of berserk rage {unknown}
 m - a potion of lignification {unknown}
 o - a potion of attraction {unknown}


   Skills:
 - Level 3.2 Fighting
 - Level 6.5 Maces & Flails
 - Level 3.2 Armour
 - Level 3.2 Shields
 + Level 4.1 Spellcasting
 + Level 5.5 Earth Magic


You had 11 spell levels left.
You knew the following spells:

 Your Spells              Type           Power      Damage    Failure   Level
a - Stone Arrow           Conj/Erth      12%        3d7       28%         3

Your spell library contained the following spells:

 Spells                   Type           Power      Damage    Failure   Level
 Sandblast                Erth           22%        2d7       3%          1
 Kiss of Death            Conj/Necr      4%         2d5       30%         1
 Confusing Touch          Hex            1%         N/A       65%         3
 Dazzling Flash           Conj/Hex       2%         N/A       65%         3
 Brom's Barrelling Bould  Conj/Erth      6%         2d3       65%         4
 Dispel Undead            Necr           1%         3d6       95%         4
 Vhi's Electric Charge    Tloc/Air       2%         N/A       95%         4
 Arcjolt                  Conj/Air       0%         1d10      100%        5
 Plasma Beam              Fire/Air       0%         2x1d10    100%        6
 Starburst                Conj/Fire      0%         6d3       100%        6
 Maxwell's Capacitive Co  Air            0%         ∞         100%        8


Dungeon Overview and Level Annotations

Branches:
Dungeon (5/15)             Temple (1/1) D:4           Sewer (visited)

Altars:
Ashenzari
Cheibriados
Dithmenos
Gozag
Hepliaklqana
Makhleb
Nemelex Xobeh
Okawaru
Sif Muna
Uskayaw
Wu Jian
Xom
Zin
The Shining One

Annotations:
D:3 1 runed translucent door, sbailey85's ghost, weakling MiBe
D:4 Duvessa


Innate Abilities, Weirdness & Mutations

Your spellcasting is much less encumbered by armour.
You can use scrolls of enchantment on lesser artefacts.


Message History

You barely miss Dowan.
Dowan is moderately wounded.
Dowan hits you but does no damage. Duvessa hits you but does no damage.
Dowan hits you but does no damage. Duvessa hits you but does no damage.
You hit Dowan.
Dowan is heavily wounded.
You block Dowan's attack. Duvessa hits you with a +0 rapier!
You thump Dowan!
Dowan is almost dead.
Dowan says, "My weaknesses are her strengths!"
Dowan hits you with a +0 dagger. Duvessa hits you but does no damage.
You hit Dowan.
You kill Dowan!
Sif Muna accepts your kill.
Duvessa weeps, and shakes her weapon.
Duvessa goes berserk!
Duvessa barely misses you.
Your Spellcasting skill increases to level 4!
You closely miss Duvessa. Duvessa hits you with a +0 rapier!
You block Duvessa's attack.
You hit Duvessa.
Duvessa is lightly wounded.
You block Duvessa's attack. Duvessa hits you with a +0 rapier!
You are too injured to fight recklessly!
You are too injured to fight recklessly!
You are too injured to fight recklessly!
You are too injured to fight recklessly!
You are too injured to fight recklessly!
You are too injured to fight recklessly!
You are too injured to fight recklessly!
You are too injured to fight recklessly!
You are too injured to fight recklessly!
You are too injured to fight recklessly!
You hit Duvessa.
Duvessa is lightly wounded.
Duvessa hits you but does no damage. Duvessa hits you with a +0 rapier!
* * * LOW HITPOINT WARNING * * *
You barely miss Duvessa.
Duvessa is lightly wounded.
Duvessa hits you with a +0 rapier!
You die...

#.#####.### #..........
.### ##.......†.. ....
###..#####.### .....
##....# #.#..
.....#####..##.#####.#..
.?......#..###.......[..
......).................
.......@.#####....####..
.<.....e.......#........
...............#..######
.....>.........#...
..............##
................
..............## #.#
..............# #.#
........##+##.# #.#


You could see Duvessa (berserk).

Vanquished Creatures
  An ice beast (D:5)
  A centaur (D:4)
  An ogre (D:5)
  2 bullfrogs (Sewer)
  Dowan (D:4)
  4 bombardier beetles
  A jelly (D:5)
  An iguana (D:5)
  An orc priest (D:3)
  A sleepcap (D:4)
  8 adders
  3 river rats (D:5)
  5 ribbon worms
  10 dart slugs
  4 orcs
  4 bats
  18 endoplasms
  12 giant cockroaches
  2 goblins
  9 hobgoblins
  4 jackals (D:2)
  4 kobolds
  2 quokkas
  14 ball pythons
  14 frilled lizards
  7 rats
134 creatures vanquished.

Notes
Turn   | Place    | Note
-------+----------+-------------------------------------------
     0 | D:1      | Dordric the Mountain Dwarf Fighter began the quest for the
                  | Orb.
     0 | D:1      | Reached XP level 1. HP: 19/19 MP: 1/1
    78 | D:1      | Reached skill level 3 in Maces & Flails
   173 | D:1      | Reached XP level 2. HP: 25/26 MP: 2/2
   391 | D:1      | Found a faded altar of an unknown god.
  1080 | D:2      | Reached skill level 4 in Maces & Flails
  1286 | D:2      | Reached XP level 3. HP: 13/31 MP: 3/3
  1538 | D:2      | Reached skill level 5 in Maces & Flails
  1968 | D:3      | Reached XP level 4. HP: 38/38 MP: 4/4
  2057 | D:3      | Reached skill level 6 in Maces & Flails
  2057 | D:3      | Reached XP level 5. HP: 45/45 MP: 5/5
  2326 | D:3      | Found a runed translucent door.
  2329 | D:3      | Noticed sbailey85's ghost (weakling MiBe)
  2387 | D:3      | Learned a level 3 spell: Stone Arrow
  2463 | D:3      | Noticed a centaur
  2510 | D:4      | Found a staircase to the Ecumenical Temple.
  2548 | D:4      | Reached skill level 1 in Earth Magic
  2565 | Temple   | Entered the Ecumenical Temple
  2691 | Temple   | Became a worshipper of Sif Muna the Loreminder
  2747 | D:4      | Reached skill level 1 in Spellcasting
  3068 | D:4      | You fall into a shaft and drop 1 floor!
  3068 | D:5      | Entered Level 5 of the Dungeon
  3076 | D:5      | Noticed an ogre
  3083 | D:5      | Killed an ogre
  3084 | D:5      | Reached XP level 6. HP: 14/51 MP: 8/8
  3435 | D:5      | Found a glowing drain.
  3440 | Sewer    | Entered a sewer
  3711 | Sewer    | Reached * piety under Sif Muna
  4078 | Sewer    | Reached XP level 7. HP: 30/57 MP: 11/11
  4319 | D:5      | Reached ** piety under Sif Muna
  4533 | D:4      | Reached skill level 5 in Earth Magic
  4640 | D:4      | Noticed Dowan
  4641 | D:4      | Noticed Duvessa
  4651 | D:4      | Killed Dowan
  4655 | D:4      | Slain by Duvessa

Illustrated notes

Levels and vault maps discovered:
D:1:      dpeg_arrival_round_b, layout_basic, serial_forest,
          infiniplex_forest_lined_room_3, infiniplex_forest_end_2,
          infiniplex_forest_lined_2, infiniplex_forest_clump_small,
          infiniplex_forest_diagonal, infiniplex_forest_end_1,
          infiniplex_forest_corner_2, hellmonk_ecumenical_altar_slurped_away
D:2:      layout_loops_ring, minmay_misc_feat_plants, grunt_decor_junction
D:3:      layout_rooms, ebering_ghost_inner_flame
D:4:      layout_basic, lemuel_mausoleum_altar_yredelemnul,
          minmay_temple_entry_grid, uniq_menkaure, uniq_duvessa
D:5:      layout_layer_cave, jmf_multi_god_temple2, lightli_sewer_entry_pipes,
          chequers_serial_rivers_room_b
Temple:   eino_temple_water

Skill      XL: |  1  2  3  4  5  6  7 |
---------------+----------------------+-----
Maces & Flails | 3 4 5 6 |  6.5
Earth Magic    | 2 4 5 |  5.5
Spellcasting   | 1 3 4 |  4.1
Fighting       | |  3.2
Armour         | |  3.2
Shields        | |  3.2

Action                     |  1- 3 |  4- 6 |  7- 9 || total
---------------------------+-------+-------+-------++-------
  Melee: Flail             |   154 |   334 |    50 ||   538
 Invoke: Channel Magic     |       |     1 |       ||     1
    Use: Potion            |       |     3 |       ||     3
         Scroll            |       |       |     3 ||     3
 Armour: Scale mail        |   151 |    46 |       ||   197
         Plate armour      |       |   363 |    32 ||   395
  Dodge: Dodged            |    64 |    77 |     5 ||   146
  Block: Buckler           |    33 |    88 |    17 ||   138
         Reflection        |       |       |     3 ||     3

Table legend: (Time is in decaauts)
 A = Elapsed time spent in this place.
 B = Non-inter-level travel time spent in this place.
 C = Inter-level travel time spent in this place.
 D = Time resting spent in this place.
 E = Time spent auto-exploring this place.
 F = Levels seen in this place.
 G = Mean time per level.
                   A        B        C        D        E       F      G
               +--------+--------+--------+--------+--------+-----+--------+
         Total |   4835 |   4714 |    121 |    236 |   3181 |   7 |  690.7 |
       Dungeon |   3755 |   3645 |    110 |     25 |   2826 |   5 |  751.0 |
        Temple |    137 |    126 |     11 |      0 |      8 |   1 |  137.0 |
         Sewer |    941 |    941 |      0 |    211 |    347 |   1 |  941.0 |
               +--------+--------+--------+--------+--------+-----+--------+

Top non-repeatable levels by time:
     D:1: 1035 daAuts
     D:2: 946 daAuts
   Sewer: 941 daAuts
     D:4: 626 daAuts
     D:5: 604 daAuts
     D:3: 543 daAuts
  Temple: 137 daAuts
